 Dungeon Crawl Stone Soup version 0.29.1-15-g9cfb28693d (webtiles) character file.

Game seed: 1201826321456324735

303 hawla the Chiller (level 6, -3/44 (45) HPs)
             Began as a Meteoran Ice Elementalist on Feb 28, 2023.
             Slain by an orc warrior
             ... wielding a +0 glaive
              (19 damage)
             ... on level 5 of the Dungeon.
             The game lasted 00:05:15 (1109 turns).

hawla the Chiller (Meteoran Ice Elementalist)       Turns: 1109, Time: 00:05:16

HP:   -3/44 (45)    AC:  2    Str:  9    XL:     6   Next: 99%
MP:   1/11          EV: 12    Int: 20    God:
Gold: 85            SH:  0    Dex: 14    Spells: 3/11 levels left

rFire   . . .      SeeInvis .   (no weapon)
rCold   . . .      Faith    .   (no shield)
rNeg    . . .      Spirit   .   a - +0 robe
rPois   .          Reflect  .   (no helmet)
rElec   .          Harm     .   (no cloak)
rCorr   .          Rampage  .   (no gloves)
Will    .....                   (no boots)
Stlth   +.........              (no amulet)
HPRegen 0.14/turn               (no ring)
MPRegen 0.12/turn               (no ring)

@: freezing walls, glowing, lightly drained
A: sense surroundings 1, otherworldly, glowing, explore regen
a: no special abilities


You were on level 5 of the Dungeon.
You visited 1 branch of the dungeon, and saw 5 of its levels.

You collected 85 gold pieces.

Inventory:

Armour
 a - a +0 robe (worn)
Jewellery
 c - an amulet of the acrobat
 m - a ring of resist corrosion
Wands
 o - a wand of acid (7) (quivered)
Scrolls
 d - a scroll of enchant weapon
 g - a scroll of butterflies {unknown}
 h - 2 scrolls of identify {unknown}
 k - a scroll of immolation {unknown}
 l - a scroll of teleportation
Potions
 b - a potion of magic
 e - a potion of haste {unknown}
 f - a potion of berserk rage {unknown}
 i - a potion of attraction {unknown}
 j - 3 potions of degeneration {unknown}
 n - a potion of heal wounds {unknown}
 p - a potion of curing {unknown}


   Skills:
 - Level 2.5 Dodging
 - Level 1.4 Stealth
 - Level 3.2 Spellcasting
 - Level 5.5 Conjurations
 - Level 5.9 Ice Magic
 + Level 0.6 Evocations


You had 3 spell levels left.
You knew the following spells:

 Your Spells              Type           Power      Damage    Failure   Level
a - Freeze                Ice            100%       1d11      1%          1
b - Frozen Ramparts       Ice            52%        1d8       3%          3
c - Hailstorm             Conj/Ice       26%        3d7       13%         4

Your spell library contained the following spells:

 Spells                   Type           Power      Damage    Failure   Level
 Searing Ray              Conj           50%        2d6       2%          2
 Ozocubu's Armour         Ice            26%        N/A       3%          3
 Stone Arrow              Conj/Erth      28%        3d8       14%         3
 Ozocubu's Refrigeration  Ice            13%        4d10      100%        7


Dungeon Overview and Level Annotations

Branches:
Dungeon (5/15) Zot: 1890
 Temple: D:4-7

Altars:
Elyvilon
Ru


Innate Abilities, Weirdness & Mutations

You passively map a small area around you.
You are easily found by Zot.
You glow in the dark.
You regain HP and MP as you explore.


Message History

A cannonade of hail descends around you!
The hail pelts the white imp!
The white imp partially resists.
You kill the white imp!
The hail pelts the orc!
You kill the orc!
An orc comes into view. It is wielding a +0 hand axe.
The orc shouts!
You hear a shout!
An orc warrior comes into view. It is wielding a +0 glaive.
There are monsters nearby!
Casting: Hailstorm (quite dangerous; 13% risk of failure)
Confirm with . or Enter, or press ? or * to list all spells.
Casting: Frozen Ramparts (dangerous; 3% risk of failure)
Press: ? - help, Dir - look around, f - activate The walls around you are covered in ice.
The wall freezes the orc.
The orc closely misses you.
Casting: Frozen Ramparts (dangerous; 3% risk of failure)
Confirm with . or Enter, or press ? or * to list all spells.
The spell is quite dangerous to miscast (13% risk of failure)!
Continue anyway?
Casting: Hailstorm (quite dangerous; 13% risk of failure)
Press: ? - help, Dir - look around, f - activate A cannonade of hail descends around you!
The hail pelts the orc warrior!
The orc warrior is moderately wounded.
The wall freezes the orc.
Unknown command.
Casting: Hailstorm (quite dangerous; 13% risk of failure)
Confirm with . or Enter, or press ? or * to list all spells.
You don't have enough magic to cast this spell.
The wall freezes the orc warrior!
The orc warrior hits you from afar with a +0 glaive!
An orc comes into view. It is wielding a +0 club.
The wall freezes the orc.
You kill the orc!
The wall freezes the orc warrior but does no damage.
The orc warrior closely misses you.
The wall freezes the orc warrior.
The orc warrior hits you from afar with a +0 glaive!
The wall freezes the orc warrior but does no damage.
The orc warrior hits you from afar with a +0 glaive!!
You die...

...#### #..#.....................
.....# ##.###############...#..#
....######.#≈≈≈≈≈≈≈≈≈≈≈≈ #.##...#
....#.##...#≈≈≈≈.....≈≈≈~#....###
...........#≈≈≈.......~~~#.#(.###
.....##....#≈≈....♣.. , #.#####.
.....###...#≈...##.## ##......
......##...#≈...#.).# ###.....
...[.....#.'...♣@)♣ #.##.#..
...#.......#≈...#.).# , #......#
...##....#.#≈...##o## #......#
...#....####≈≈....♣o. #....###
.#.....## #≈≈≈....... #..#.#
##....# #≈≈≈≈.....≈≈≈ #.#### #.#
#≈≈≈≈≈≈≈≈~≈≈≈~### #.*
############# * ,


You could see an orc warrior and an orc.

Vanquished Creatures
  An ogre (D:4)
  A necrophage (D:5)
  A jelly (D:4)
  A hound (D:5)
  6 adders
  A white imp (D:5)
  A dart slug (D:1)
  2 orcs (D:5)
  3 endoplasms (D:4)
  2 giant cockroaches
  A goblin (D:4)
  4 hobgoblins
  5 jackals
  3 kobolds
  A quokka (D:2)
  A ball python (D:2)
  A bat (D:1)
  A frilled lizard (D:1)
  A rat (D:2)
37 creatures vanquished.

Notes
Turn   | Place    | Note
-------+----------+-------------------------------------------
     0 | D:1      | hawla the Meteoran Ice Elementalist began the quest for the
                  | Orb.
     0 | D:1      | Reached XP level 1. HP: 14/14 MP: 5/5
    69 | D:1      | Reached XP level 2. HP: 12/20 MP: 0/6
    99 | D:2      | Reached skill level 5 in Ice Magic
   105 | D:2      | Reached XP level 3. HP: 9/26 MP: 4/8
   111 | D:2      | Learned a level 3 spell: Frozen Ramparts
   183 | D:2      | Reached XP level 4. HP: 33/33 MP: 4/9
   231 | D:4      | Identified a scroll of acquirement
   231 | D:4      | Acquired Cuihiul's Spellbook of the Chill and Blasting
   248 | D:4      | Learned a level 4 spell: Hailstorm
   264 | D:4      | Reached skill level 1 in Conjurations
   420 | D:4      | Noticed an ogre
   426 | D:4      | Killed an ogre
   427 | D:4      | Reached XP level 5. HP: 38/38 MP: 3/10
   542 | D:4      | Reached XP level 6. HP: 45/45 MP: 6/11
   805 | D:5      | Entered Level 5 of the Dungeon
   815 | D:5      | Reached skill level 5 in Conjurations
   864 | D:5      | Found a sacrificial altar of Ru.
   905 | D:5      | Found a white marble altar of Elyvilon.
  1103 | D:5      | Noticed an orc warrior
  1109 | D:5      | Slain by an orc warrior

Illustrated notes

Levels and vault maps discovered:
D:1:      psy_arrival_radial02, layout_rooms, ebering_ecumenical_altar_mist
D:2:      layout_rooms, chequers_garden, kennysheep_generic_room_10
D:3:      wander_river, layout_basic, old_standard_altar, doesnt_xom_only_xom,
          minmay_quantized
D:4:      layout_basic
D:5:      layout_cave_pools, elyvilon_altar_3, mainiacjoe_overflow_tiny_flanked,
          kennysheep_generic_room_2

Skill      XL: |  1  2  3  4  5  6 |
---------------+-------------------+-----
Ice Magic      | 5 |  5.9
Spellcasting   | 3 |  3.2
Conjurations   | 4 5 |  5.5
Dodging        | |  2.5
Stealth        | |  1.4
Evocations     | |  0.6

Action                   |  1- 3 |  4- 6 || total
-------------------------+-------+-------++-------
Melee: Unarmed           |    10 |     5 ||    15
 Cast: Freeze            |    25 |    23 ||    48
       Frozen Ramparts   |       |    14 ||    14
       Hailstorm         |       |     2 ||     2
  Use: Scroll            |       |     3 ||     3
Armor: Robe              |     5 |     5 ||    10
Dodge: Dodged            |    15 |    12 ||    27
